 Dungeon Crawl Stone Soup: Circus Animals version 1.7-37-g2c94cca (webtiles) character file.

5382 Ihatecarrots00 the Fighter (level 15, -1/209 HPs) *EASY*
             Began as a Lava Orc Berserker on Sept 27, 2016.
             Was the Champion of Trog.
             Slain by a sun demon (16 damage)
             ... summoned by an orc high priest
             ... on level 5 of the Orcish Mines on Oct 19, 2016.
             The game lasted 01:08:21 (21438 turns).

Ihatecarrots00 the Fighter (Lava Orc Berserker)    Turns: 21438, Time: 01:08:22

Health: -1/209     AC:  5    Str: 30    XL:     15   Next: 14%
Magic:  100/100    EV:  6    Int: 11    God:    Trog [******]
Gold:   2573       SH:  5    Dex: 15    Spells: 0 memorised, 14 levels left

rFire  + + .     rPois    +     u - +8 mace "Newtbane" {drain, MR+ Str+4 Dex+2}
rCold  . . .     rElec    .     F - +1 plate armour {rF+}
rNeg   . . .     rCorr    .     A - +2 buckler {rPois} MagicSh . . . SeeInvis .
                                z - +1 helmet StaminaSh . . . Faith .
                                s - +2 cloak "Daigaban" {Int+3 Dex+3} RegenHP +++++.....
SustAt .                        (no gloves) RegenSP +++....... Dismiss .
                                (no boots) RegenMP +++....... Reflect .
                                (no amulet)
MR     +....     Harm     .     (no ring)
Stlth  ..........               (no ring)

@: lethally poisoned (-1 -> -2), corroded, tired, very slow, somewhat resistant
to hostile enchantments, extremely unstealthy
A: AC +5
a: Berserk, Trog's Hand, Brothers in Arms, Burn Spellbooks, Renounce Religion,
Convert to Beogh


You were on level 5 of the Orcish Mines.
You worshipped Trog.
Trog was exalted by your worship.
You were not hungry.

You visited 3 branches of the dungeon, and saw 19 of its levels.
You also visited: Volcano.

You collected 3228 gold pieces.
You spent 655 gold pieces at shops.

Inventory:

Hand Weapons
 i - the +6 scimitar of Ahirph {holy, MR+++ Dex+3}
   (You found it on level 4 of the Dungeon)

   It has been blessed by the Shining One to cause great damage to the undead
   and demons.
   It affects your dexterity (+3).
   It affects your resistance to hostile enchantments.
 p - a +7 broad axe of venom
 u - the +8 mace "Newtbane" (weapon) {drain, MR+ Str+4 Dex+2}
   (You found it on level 1 of the Lair of Beasts)

   A truly terrible weapon, it drains the life of those it strikes.
   It affects your strength (+4).
   It affects your dexterity (+2).
   It affects your resistance to hostile enchantments.
 v - the +1 mace "Paosug" {crush, Str+2 Int+3}
   (You found it on level 1 of the Lair of Beasts)

   It inflicts extra damage upon your enemies.
   It affects your strength (+2).
   It affects your intelligence (+3).
 w - a +1 antimagic scimitar
 y - a +9 great sword of freezing
 E - a +3 executioner's axe of chopping
 I - a +3 antimagic executioner's axe
 K - a +5 battleaxe of flaming
Armour
 d - a +1 chain mail
 f - a +0 helmet
 l - a +2 plate armour
 s - the +2 cloak "Daigaban" (worn) {Int+3 Dex+3}
   (You acquired it on level 7 of the Dungeon)

   It affects your intelligence (+3).
   It affects your dexterity (+3).
 z - a +1 helmet (worn)
 A - a +2 buckler of poison resistance (worn)
 F - a +1 plate armour of fire resistance (worn)
Magical Staves
 h - an uncursed staff of death
Jewellery
 a - an uncursed amulet of magic shield
 b - a cursed -3 ring of dexterity
 c - a +1 ring of evasion
 g - an uncursed amulet of rage
 j - an uncursed ring of positive energy
 k - an uncursed ring of protection from magic
 q - a +4 amulet of reflection {unknown}
 t - an uncursed amulet of magic regeneration {unknown}
 H - a cursed ring of teleportation {unknown}
 J - an uncursed ring of ice
Wands
 e - a wand of lightning (17/45)
 m - a wand of enslavement (24/48)
 n - a wand of heal wounds (9/5)
 o - a wand of iceblast (17/30)
 x - a wand of flame (9/48)
 B - a wand of paralysis (14/24)
 C - a wand of digging (10/24)
 D - a wand of random effects (16/48)
 G - a wand of acid (8/15)
Scrolls
 a - 5 scrolls of enchant weapon
 f - a scroll of recharging
 g - 3 scrolls of blinking
 m - 6 scrolls of remove curse
 n - 7 scrolls of magic mapping
 q - 11 scrolls of teleportation
 v - 2 scrolls of noise
 y - 2 scrolls of vulnerability
 z - 5 scrolls of fear
 C - 2 scrolls of amnesia
 L - 4 scrolls of enchant armour
 P - 2 scrolls of immolation
 Q - 2 scrolls of identify
Potions
 b - 14 potions of stamina
 c - 9 potions of magic
 d - 7 potions of agility
 e - 2 potions of beneficial mutation
 h - 2 potions of brilliance
 i - 11 potions of curing
 j - 3 potions of cancellation
 k - 2 potions of haste
 l - 3 potions of degeneration
 o - a potion of experience {unknown}
 p - 3 potions of invisibility {unknown}
 r - 3 potions of cure mutation {unknown}
 s - 3 potions of lignification {unknown}
 u - 3 potions of might {unknown}
 w - 5 potions of weak mutation
 A - 6 potions of berserk rage {unknown}
 B - 4 potions of flight {unknown}
 E - 3 potions of mutation {unknown}
 F - 4 potions of ambrosia {unknown}
 K - 2 potions of resistance {unknown}
Books
 t - a book of Dreams

   Spells                             Type                      Level
   a - Ensorcelled Hibernation        Hexes/Ice/Time               2
   b - Silence                        Hexes/Air/Darkness           5
   c - Darkness                       Hexes/Darkness               6
   d - Shadow Creatures               Summoning/Darkness           6
   Trog disapproves of the use of such an item.
 x - a book of the Dragon

   Spells                             Type                      Level
   a - Flame Tongue                   Fire                         1
   b - Cause Fear                     Hexes/Darkness               4
   c - Bolt of Fire                   Conjuration/Fire             6
   d - Dragon Form                    Fire/Transmutation           7
   e - Dragon's Call                  Summoning                    9
   Trog disapproves of the use of such an item.
 G - a book of Air

   Spells                             Type                      Level
   a - Shock                          Air                          1
   b - Swiftness                      Charms/Air/Time              2
   c - Repel Missiles                 Charms/Air                   2
   d - Static Discharge               Conjuration/Air              3
   e - Lightning Bolt                 Conjuration/Air              5
   Trog disapproves of the use of such an item.
 H - a book of the Dragon

   Spells                             Type                      Level
   a - Flame Tongue                   Fire                         1
   b - Cause Fear                     Hexes/Darkness               4
   c - Bolt of Fire                   Conjuration/Fire             6
   d - Dragon Form                    Fire/Transmutation           7
   e - Dragon's Call                  Summoning                    9
   Trog disapproves of the use of such an item.
 J - an Akashic Record

   Spells                             Type                      Level
   a - Dispersal                      Translocation/Air            6
 b - Malign Gateway Summoning/Translocation/Darkne7
 c - Disjunction Translocation/Time 8
 d - Controlled Blink Translocation 8 Trog disapproves of the use of such an item.
 O - a book of Fire

   Spells                             Type                      Level
   a - Ignite Poison                  Fire/Transmutation/Poison    3
   b - Fireball                       Conjuration/Fire/Light       5
   c - Bolt of Fire                   Conjuration/Fire             6
   d - Delayed Fireball               Conjuration/Fire/Time        7
   e - Ring of Flames                 Charms/Fire                  7
   Trog disapproves of the use of such an item.
Miscellaneous
 r - 2 boxes of beasts


   Skills:
 + Level 9.6 Fighting
 + Level 7.3 Long Blades
 + Level 9.3 Axes
 + Level 6.7 Maces & Flails
 + Level 8.0 Armour
 + Level 6.3 Dodging


You had 14 spell levels left.
You didn't know any spells.

Dungeon Overview and Level Annotations

Branches:
Dungeon (7/7)               Dwarf (0/4) Orc:3           Elf (0/4) Orc:3
   Lair (7/7) D:7             Orc (5/7) Lair:7       Shoals (0/4) Lair:2
  Snake (0/4) Lair:3       Spider (0/4) Orc:3         Swamp (0/4) Lair:3

Altars:
Ashenzari
Elyvilon
Hepliaklqana
Kikubaaqudgha
Okawaru
Pakellas
Qazlal
Ru
Trog
Vehumet
Yredelemnul
The Shining One
Beogh

Shops:
D:5 !   D:7 :*:

Annotations:
Lair:2 exclusion: 3 oklob plants


Message History

The fiery explosion engulfs the gnoll. (mon hp-75)
The gnoll explodes!
Trog accepts your kill. x2
The fiery explosion engulfs the orc warrior. (mon hp-49)
The orc warrior explodes!
Trog accepts your kill. x5
You are engulfed in roaring flames.
You resist. (hp-7)
* * * LOW HITPOINT WARNING * * *; You feel less exhausted. (hp-1)
You feel sick.
You hear a shout! (hp-1)
You feel sick. The sun demon hits you!! (hp-18)
* * * LOW HITPOINT WARNING * * *; You are engulfed in flames.
You resist. (hp-5)
* * * LOW HITPOINT WARNING * * *
The orc high priest hits you from afar with a halberd of venom! (hp-7)
* * * LOW HITPOINT WARNING * * *; You block the sun demon's attack.
Things that are here:
a halberd; a chain mail; an orc corpse
As you read the scroll of recharging, it crumbles to dust.
Your wand of heal wounds {empty} glows for a moment.
The orc high priest closely misses you. The sun demon hits you! (hp-16)
You die...

..(((...... ..
........... ##..
...$....$.
#...####.........
...#...#........#
$..$.§.§§§§$...#
. #..§§§§§§.....
....##§§§§§§#.#.#
...$...@§§§§#
#.#.....3§§..#
#.....o$##.##
##.##...# ..# #.
##... .## #
##.#### ###


You could see an orc high priest (inner flame) and a sun demon.

Vanquished Creatures
  A stone giant (Orc:5)
  Nessos (Lair:6)
  An ettin (Orc:4)
  Fannar (Orc:1)
  11 hydras
  7 death yaks (Lair:4)
  2 orc high priests
  A deep elf knight (Volcano)
  An ugly thing (D:4)
  Nergalle (Orc:3)
  2 fire crabs
  3 griffons
  3 orc knights
  An orc sorcerer (Orc:3)
  8 oklob plants
  6 deep elf magi (Volcano)
  2 cyclopes
  8 elephants
  A torpor snail (Lair:7)
  12 black mambas
  Joseph (D:7)
  7 komodo dragons
  8 spiny frogs
  5 rime drakes
  A snapping turtle (Lair:2)
  12 polar bears
  2 trolls
  A two-headed ogre (Orc:4)
  5 raiju (Lair:7)
  23 blink frogs
  27 yaks
  6 swamp worms (Lair:3)
  10 hippogriffs
  Duvessa (Lair:3)
  A hungry ghost (D:4)
  2 basilisks
  A wyvern (Lair:3)
  A phantom (D:5)
  9 wargs
  A naga (Lair:3)
  13 black bears (Lair:7)
  5 hell hounds (Lair:7)
  18 water moccasins
  3 ice beasts (D:7)
  A sky beast (D:4)
  Dowan (Lair:3)
  22 ogres
  13 crocodiles
  16 porcupines
  26 orc warriors
  A big kobold (D:7)
  3 centaurs
  22 wolves
  12 giant frogs
  A wyvern zombie (D:7)
  A water moccasin zombie (D:7)
  2 scorpions
  Blork the orc (D:6)
  A centaur skeleton (D:4)
  3 giant frog skeletons (D:4)
  4 killer bees
  3 electric eels
  2 dart slugs
  17 hounds
  2 howler monkeys
  A jelly (D:5)
  33 orc priests
  32 orc wizards
  4 wights (D:6)
  8 giant geckos
  7 iguanas
  230 orcs
  57 sheep
  7 worker ants
  11 adders
  A crimson imp (D:6)
  10 giant cockroaches
  16 gnolls
  17 goblins
  17 hobgoblins
  14 jackals
  4 quokkas
  64 river rats
  A shadow imp (D:6)
  An adder skeleton (D:7)
  An adder zombie (D:6)
  4 ball pythons
  24 bats
  A giant gecko zombie (D:3)
  12 giant newts
  A hound skeleton (D:5)
  A hound zombie (D:7)
  13 kobolds
  2 oozes
  A quokka skeleton (D:4)
  27 rats
  4 worms
  A bush (Lair:4)
  7 plants (Lair:2)
1024 creatures vanquished.

Vanquished Creatures (others)
  5 orcs
  An orc wizard (Orc:4)
  3 fungi
  8 plants (Lair:7)
17 creatures vanquished.

Grand Total: 1041 creatures vanquished

Notes
Turn   | Place    | Note
-------+----------+-------------------------------------------
     0 | D:1      | Ihatecarrots00 the Lava Orc Berserker began the quest for the Orb.
     0 | D:1      | Reached XP level 1. HP: 39/39 MP: 100/100
   100 | D:1      | Reached XP level 2. HP: 51/51 MP: 100/100
   209 | D:1      | Reached ** piety under Trog
   240 | D:1      | Reached XP level 3. HP: 63/63 MP: 100/100
   917 | D:1      | Reached *** piety under Trog
   917 | D:1      | Reached XP level 4. HP: 76/76 MP: 100/100
  1593 | D:2      | Found a white marble altar of Elyvilon.
  1663 | D:2      | Reached skill level 5 in Axes
  1680 | D:2      | Reached **** piety under Trog
  2043 | D:3      | Found a sacrificial altar of Ru.
  2184 | D:3      | Reached XP level 5. HP: 86/88 MP: 100/100
  2773 | D:3      | Reached ***** piety under Trog
  2807 | D:3      | Found an ancient bone altar of Kikubaaqudgha.
  2808 | D:3      | Found an iron altar of Okawaru.
  2808 | D:3      | Found a hazy altar of Hepliaklqana.
  2808 | D:3      | Found a radiant altar of Vehumet.
  2826 | D:3      | Found a bloodstained altar of Trog.
  2826 | D:3      | Found a stormy altar of Qazlal.
  3272 | D:4      | Found a stormy altar of Qazlal.
  3360 | D:4      | Found a faded altar of an unknown god.
  3455 | D:4      | Received a gift from Trog
  4056 | D:4      | Reached skill level 5 in Fighting
  4432 | D:4      | Reached XP level 6. HP: 99/99 MP: 100/100
  4546 | D:4      | Noticed a green ugly thing
  4557 | D:4      | Killed a green ugly thing
  4557 | D:4      | Reached XP level 7. HP: 97/111 MP: 100/100
  4597 | D:4      | Got a dazzling scimitar
  4789 | D:5      | Entered Level 5 of the Dungeon
  4829 | D:5      | Found Mus Soad's Distillery.
  5040 | D:5      | Found a basalt altar of Yredelemnul.
  5872 | D:5      | Found an oddly glowing altar of Pakellas.
  6061 | D:6      | Noticed Blork the orc
  6068 | D:6      | Killed Blork the orc
  6154 | D:6      | Identified the +6 scimitar of Ahirph {holy, MR+++ Dex+3} (You found it on level 4 of the Dungeon)
  7275 | D:7      | Entered Level 7 of the Dungeon
  7339 | D:7      | Found a staircase to the Lair.
  7363 | D:7      | Found Qerch's General Store.
  7397 | D:7      | Bought a +4 broad axe of venom for 375 gold pieces
  7437 | D:7      | Found a glowing golden altar of the Shining One.
  7459 | D:7      | Found Lupeono's Book Shop.
  7502 | D:7      | Reached XP level 8. HP: 124/124 MP: 100/100
  7577 | D:7      | Found a shattered altar of Ashenzari.
  7622 | D:7      | Noticed Joseph
  7637 | D:7      | Killed Joseph
  7637 | D:7      | Reached skill level 1 in Long Blades
  7810 | D:7      | Reached ****** piety under Trog
  7983 | D:7      | Found Ethinui's Book Shoppe.
  8275 | D:7      | Bought a box of beasts for 280 gold pieces
  8276 | D:7      | Identified a scroll of acquirement
  8277 | D:7      | Got a polished cloak
  8283 | D:7      | Identified the +2 cloak "Daigaban" {Int+3 Dex+3} (You acquired it on level 7 of the Dungeon)
  8332 | Lair:1   | Entered Level 1 of the Lair of Beasts
  8438 | Lair:1   | Got a crystal mace
  8439 | Lair:1   | Identified the +8 mace "Newtbane" {drain, MR+ Str+4 Dex+2} (You found it on level 1 of the Lair of Beasts)
  8502 | Lair:1   | Received a gift from Trog
  8524 | Lair:1   | Reached skill level 1 in Maces & Flails
  8740 | Lair:1   | Reached XP level 9. HP: 136/136 MP: 100/100
  8843 | Lair:1   | Got a warped mace
  8844 | Lair:1   | Identified the cursed +1 mace "Paosug" {crush, Str+2 Int+3} (You found it on level 1 of the Lair of Beasts)
  9394 | Lair:2   | Reached XP level 10. HP: 148/148 MP: 100/100
  9440 | Lair:2   | HP: 14/148 [acid (11)]
 10245 | Lair:2   | Found a staircase to the Shoals.
 10522 | Lair:2   | Received a gift from Trog
 10533 | Lair:2   | Reached skill level 5 in Armour
 11673 | Lair:3   | Reached XP level 11. HP: 158/158 MP: 100/100
 11719 | Lair:3   | Noticed Duvessa
 11725 | Lair:3   | Killed Duvessa
 11726 | Lair:3   | Noticed Dowan
 11744 | Lair:3   | Killed Dowan
 11977 | Lair:3   | Received a gift from Trog
 12065 | Lair:3   | Found a staircase to the Snake Pit.
 12482 | Lair:3   | Found a staircase to the Swamp.
 12812 | Lair:3   | Noticed a two-headed hydra
 12821 | Lair:3   | Killed a two-headed hydra
 13145 | Lair:4   | Reached XP level 12. HP: 170/170 MP: 100/100
 13400 | Lair:4   | Received a gift from Trog
 13569 | Lair:4   | Reached skill level 5 in Long Blades
 13594 | Lair:4   | Reached skill level 5 in Dodging
 15064 | Lair:5   | Reached XP level 13. HP: 178/181 MP: 100/100
 16090 | Lair:6   | Found a dark tunnel.
 16095 | Volcano  | Entered a volcano
 16208 | Volcano  | Reached skill level 5 in Maces & Flails
 16249 | Volcano  | Received a gift from Trog
 16765 | Lair:6   | Noticed Nessos
 16781 | Lair:6   | Killed Nessos
 17589 | Lair:7   | Entered Level 7 of the Lair of Beasts
 17748 | Lair:7   | Reached XP level 14. HP: 193/193 MP: 100/100
 17773 | Lair:7   | Received a gift from Trog
 17778 | Lair:7   | Found a staircase to the Orcish Mines.
 17794 | Lair:7   | Received a gift from Trog
 19220 | Lair:7   | Received a gift from Trog
 19513 | Orc:1    | Entered Level 1 of the Orcish Mines
 19578 | Orc:1    | Noticed Fannar
 19600 | Orc:1    | Killed Fannar
 19785 | Orc:1    | Received a gift from Trog
 20240 | Orc:3    | Found a bloodstained altar of Trog.
 20323 | Orc:3    | Found a staircase to the Dwarven Fortress.
 20325 | Orc:3    | Found a hole to the Spider Nest.
 20357 | Orc:3    | Found a staircase to the Elven Halls.
 20422 | Orc:3    | Received a gift from Trog
 20550 | Orc:3    | Noticed Nergalle
 20567 | Orc:3    | Killed Nergalle
 20962 | Orc:4    | Received a gift from Trog
 21141 | Orc:4    | Found a roughly hewn altar of Beogh.
 21235 | Orc:4    | Reached XP level 15. HP: 199/208 MP: 100/100
 21347 | Orc:5    | Received a gift from Trog
 21437 | Orc:5    | HP: 14/209 [orc high priest/halberd of venom (7)]
 21438 | Orc:5    | Slain by a sun demon

Skill      XL: |  1  2  3  4  5  6  7  8  9 10 11 12 13 14 15 |
---------------+----------------------------------------------+-----
Dodging        | 2 3 4 5 6 |  6.3
Axes           | 5 6 7 8 9 |  9.3
Armour         | 3 4 5 6 7 8 |  8.0
Fighting       | 5 6 7 8 9 |  9.6
Long Blades    | 2 3 4 5 6 7 |  7.3
Maces & Flails | 1 2 3 4 5 6 |  6.7

Action                   |  1- 3 |  4- 6 |  7- 9 | 10-12 | 13-15 || total
-------------------------+-------+-------+-------+-------+-------++-------
Melee: Hand axe          |   133 |   253 |       |       |       ||   386
       War axe           |       |   103 |    76 |       |       ||   179
       Scimitar          |       |       |   240 |       |       ||   240
       Mace              |       |       |   230 |   643 |  1095 ||  1968
Invok: Burn Spellbooks   |       |     1 |       |     1 |     1 ||     3
       Berserk           |       |       |       |     1 |     4 ||     5
Evoke: Box of beasts     |       |       |       |     1 |       ||     1
       Wand              |       |       |       |     2 |     2 ||     4
  Use: Scroll            |       |     9 |    15 |     4 |    10 ||    38
       Potion            |       |       |     8 |     3 |     4 ||    15
 Stab: Sleeping          |     5 |       |       |       |       ||     5
Armor: Animal skin       |    29 |    16 |       |       |       ||    45
       Chain mail        |       |   107 |    36 |       |       ||   143
       Plate armour      |       |       |   130 |   297 |   535 ||   962
Dodge: Dodged            |    96 |   214 |   197 |   287 |   489 ||  1283
Block: Buckler           |       |       |       |       |   273 ||   273
